[Event "21st Hogeschool Zeeland 2017"]
[Site "Vlissingen"]
[Date "2017.08.07"]
[Round "4"]
[White "Nguyen, Kevin"]
[Black "Breukelman, Jan"]
[Result "1/2-1/2"]
[ECO "B11"]
[WhiteElo "2224"]
[BlackElo "2395"]
[Annotator "RC"]
[PlyCount "54"]
[EventDate "2017.??.??"]
[SourceTitle "playchess.com"]
[Source "ChessBase"]
[SourceQuality "1"]
[TimeControl "40/5400+30:1800+30"]

1. e4 c6 2. Nc3 d5 3. Nf3 Bg4 4. h3 Bxf3 5. Qxf3 Nf6 6. d3 e6 7. Bd2 Qb6 8. O-O-O d4 9. Ne2 Na6 10. g4 e5 11. Kb1 Nc5 12. Nc1 a5 13. Qg3 Bd6 14. f4 Nfd7 15. fxe5 Bxe5 16. Bf4 Bxf4 17. Qxf4 Na4 18. Nb3 Nxb2 19. Kxb2 a4 20. Qd6 axb3 21. axb3 Nc5 22. Ra1 Rxa1 23. Kxa1 Qa5+ 24. Kb1 Qe1+ 25. Kb2 Qc3+ 26. Kb1 Qe1+ 27. Kb2 Qc3+ 1/2-1/2

[Event "21st Hogeschool Zeeland 2017"]
[Site "Vlissingen"]
[Date "2017.08.07"]
[Round "4"]
[White "Klepke, Ricardo"]
[Black "Maatman, Nick"]
[Result "1/2-1/2"]
[ECO "E83"]
[WhiteElo "2205"]
[BlackElo "2386"]
[Annotator "ChessBase"]
[PlyCount "60"]
[EventDate "2017.??.??"]
[SourceTitle "playchess.com"]
[Source "ChessBase"]
[SourceQuality "1"]
[TimeControl "40/5400+30:1800+30"]

1. d4 Nf6 2. c4 g6 3. Nc3 Bg7 4. e4 d6 5. f3 O-O 6. Be3 Nc6 7. Nge2 a6 8. Ng3 Re8 9. Be2 e5 10. dxe5 dxe5 11. Qxd8 Rxd8 12. Nd5 Nxd5 13. cxd5 Nd4 14. Rc1 c6 15. Bc4 b5 16. Bxd4 exd4 17. Bb3 cxd5 18. Bxd5 Ra7 19. Ke2 Be6 20. Kd3 Bxd5 21. exd5 Re7 22. Rhe1 Rxe1 23. Rxe1 Kf8 24. Rc1 Rxd5 25. Rc6 a5 26. Ne4 Be5 27. g3 f5 28. Ng5 h6 29. Ne6+ Kf7 30. f4 Bd6 {[%emt 0:03:05] Ke4} 1/2-1/2